 Dungeon Crawl Stone Soup version 0.17-a0-2231-gd80ca38 (webtiles) character file.

77 Raultor the Sneak (level 4, -1/27 HPs)
             Began as an Octopode Enchanter on Oct 29, 2015.
             Slain by a gnoll (4 damage)
             ... on level 3 of the Dungeon.
             The game lasted 00:08:00 (2679 turns).

Raultor the Sneak (Octopode Enchanter)              Turns: 2679, Time: 00:08:00

Health: -1/27      AC:  1    Str:  7    XL:     4   Next: 34%
Magic:  2/7        EV: 12    Int: 17    God:
Gold:   65         SH:  0    Dex: 13    Spells: 3 memorised, 1 level left

rFire  . . .     SeeInvis .     a - +1 dagger
rCold  . . .     Clarity  .     (no shield)
rNeg   . . .     SustAt   .     (helmet restricted)
rPois  .         Gourm    .     e - amulet of stasis
rElec  .         Spirit   .     (no ring)
rCorr  .         Warding  .     (no ring)
rMut   .         Stasis   +     (no ring)
MR     .....                    (no ring)
Stlth  ++++......               (no ring)
                                (no ring)
                                (no ring)
                                (no ring)

@: very slightly contaminated, not resistant to hostile enchantments, stealthy
A: almost no armour, amphibious, 8 rings, constrict 8, camouflage 1, gelatinous
body 1
a: no special abilities


You were on level 3 of the Dungeon.
You were not hungry.

You visited 1 branch of the dungeon, and saw 3 of its levels.

You collected 65 gold pieces.

Inventory:

Hand Weapons
 a - a +1 dagger (weapon)
Missiles
 o - 15 poisoned needles
 p - 2 throwing nets (quivered)
Jewellery
 e - an amulet of stasis (around mantle)
Scrolls
 g - a scroll of noise {unknown}
 h - a scroll of enchant armour {unknown}
 i - a scroll of recharging {unknown}
 m - 2 scrolls of identify {unknown}
Potions
 j - a potion of cancellation {unknown}
 l - a potion of mutation {unknown}
 n - a potion of curing {unknown}
Books
 b - a book of Maledictions

   Spells                             Type                      Level
   a - Corona                         Hexes                        1
   b - Ensorcelled Hibernation        Hexes/Ice                    2
   c - Confuse                        Hexes                        3
   d - Tukima's Dance                 Hexes                        3
   e - Dazzling Spray                 Conjuration/Hexes            3
Comestibles
 c - 3 bread rations
 d - a chunk of flesh
 f - 2 slices of pizza
 k - a meat ration


   Skills:
 + Level 1.4 Short Blades
 - Level 2.0 Dodging
 * Level 5.7 Stealth
 - Level 2.0 Spellcasting
 * Level 3.9 Hexes


You had one spell level left.
You knew the following spells:

 Your Spells              Type           Power        Failure   Level  Hunger
a - Corona                Hex            ###....      4%          1    #......
b - Ensorcelled Hibernat  Hex/Ice        #.....       17%         2    ###....
c - Tukima's Dance        Hex            ###.....     14%         3    ###....


Dungeon Overview and Level Annotations

Branches:
Dungeon (3/15)

Altars:


Innate Abilities, Weirdness & Mutations

You cannot wear most types of armour.
You are amphibious.
You can wear up to eight rings at the same time.
You can use your tentacles to constrict eight enemies at once.
Your skin changes colour to match your surroundings (Stealth).
Your rubbery body absorbs attacks (AC +1).


Message History

You constrict the gnoll, but do no damage.
The gnoll hits you. The gnoll barely misses you.
You hit the gnoll.
The gnoll is moderately wounded.
You constrict the gnoll. The gnoll hits you.
You hit the gnoll but do no damage.
The gnoll is moderately wounded.
You constrict the gnoll.
The gnoll hits you from afar with a halberd!
The gnoll misses you.
Casting: Tukima's Dance
Confirm with . or Enter, or press ? or * to list all spells.
Aiming: Tukima's Dance
Press: ? - help, Shift-Dir - straight line, f - gnoll, p - gnoll
Aim: a gnoll, wielding a halberd (chance to defeat MR: 77%)
The gnoll barely resists.
You constrict the gnoll.
The gnoll hits you from afar with a halberd!
* * * LOW HITPOINT WARNING * * *
The gnoll hits you.
You die...

### ### #.# ##.##
##########.#.###.#.########
..g.(.....# #.#.#.#........
#.g## ##...#....#####
#.#g###.###..)....# #
#.##@#.## #..##.#.# #
#.###.## #..##.#.### #.#
### #..##.#.... #.#
#..##.#.>##
#.#########..##.#..##
.....................
######)######..##
####...#####..#
..>.........#..##


You could see 2 gnolls.

Vanquished Creatures
  2 adders (D:2)
  2 worms (D:2)
  2 giant cockroaches
  6 goblins
  6 hobgoblins
  7 jackals
  A quokka (D:3)
  12 bats
  3 giant geckos (D:2)
  4 giant newts
  2 kobolds
  9 rats
56 creatures vanquished.

Notes
Turn   | Place    | Note
--------------------------------------------------------------
     0 | D:1      | Raultor the Octopode Enchanter began the quest for the Orb.
     0 | D:1      | Reached XP level 1. HP: 11/11 MP: 3/3
    21 | D:1      | Reached XP level 2. HP: 6/17 MP: 5/5
   302 | D:1      | Learned a level 2 spell: Ensorcelled Hibernation
   831 | D:1      | Reached skill level 5 in Stealth
  1010 | D:2      | Reached XP level 3. HP: 18/21 MP: 6/6
  1207 | D:2      | Learned a level 3 spell: Tukima's Dance
  1384 | D:2      | Reached XP level 4. HP: 9/27 MP: 1/7
  2679 | D:3      | Slain by a gnoll

Vault maps used:
D:1:      dpeg_arrival_simpleton_c, minmay_strange_pillars, minmay_fountain_box
D:2:      st_stairs_7
D:3:      serial_park_tiny_pond

Action                   |  1- 3 |  4- 6 || total
-------------------------+-------+-------++-------
Melee: Dagger            |    71 |    42 ||   113
 Cast: Ensorcelled Hiber |     5 |     5 ||    10
       Tukima's Dance    |     1 |     1 ||     2
  Use: Potion            |       |     1 ||     1
 Stab: Sleeping          |    18 |     3 ||    21
       Distracted        |     1 |       ||     1
  Eat: Chunk             |     2 |     3 ||     5
       Beef jerky        |       |     1 ||     1
